[Event "ChessKid Cup Div-III 2023"]
[Site "Online"]
[Date "2023.05.22"]
[Round "2.2"]
[White "Vallejo Pons, Francisco"]
[Black "Kamsky, Gata"]
[Result "1-0"]
[ECO "C47"]
[WhiteElo "2712"]
[BlackElo "2665"]
[Annotator "TA"]
[PlyCount "99"]
[EventDate "2023.05.21"]
[EventType "k.o."]
[EventCountry "NET"]
[SourceTitle "playchess.com"]
[Source "ChessBase"]
[SourceQuality "1"]
[TimeControl "900+3"]

1. e4 e5 2. Nf3 Nc6 3. Nc3 Nf6 4. h3 Bb4 5. a3 Bxc3 6. dxc3 {[%emt 0:00:00] C47: Scotch Four Knights and Four Knights with 4 g3.} O-O (6... Nxe4 $11 7. Nxe5 Nxe5) 7. Bg5 $14 h6 8. Bh4 {[%emt 0:00:02] [#] White has an edge.} Qe7 $146 ({Predecessor:} 8... d6 9. Nd2 Be6 10. Bd3 Ne7 11. Bxf6 gxf6 12. Qh5 Kg7 13. g3 c6 14. f4 b5 {1-0 Vallejo Pons,F (2712)-Vaibhav,S (2595) ChessKid Cup Play In blitz 2023 (4)}) 9. Qe2 (9. Bd3 $14) 9... g5 $11 10. Bg3 d6 ({Better is} 10... d5 $11) 11. Nd2 $14 Kg7 12. h4 Be6 13. O-O-O Rh8 14. f3 Nh5 15. Bf2 Qf6 16. g3 Qg6 17. Qe3 g4 18. c4 Kh7 (18... gxf3 {is interesting.} 19. Bd3 Nf6 20. Rdf1 Nd4) 19. f4 ({White should play} 19. c5 $14) 19... exf4 $15 20. gxf4 {[%emt 0:00:01] f5 is the strong threat.} f5 21. c5 Rhf8 22. cxd6 cxd6 23. Nc4 fxe4 (23... Bxc4 $1 $15 24. Bxc4 fxe4) 24. Nxd6 $11 {[%emt 0:00:35] Hoping for Bg2.} Rxf4 {[%emt 0:00:03] Strongly threatening ...g3.} (24... Nxf4 25. h5 Qg5 26. Nxe4 $14 (26. Qxe4+ Bf5 $14)) 25. Bg2 g3 26. Bxe4 Rxe4 27. Nxe4 gxf2 28. Nxf2 Bf5 29. Rhg1 Qf6 (29... Re8 $11 30. Qb3 Qe6 31. Qxe6 Rxe6) 30. Ng4 $18 Qe6 {[%emt 0:00:03] [#]} (30... Qxh4 31. Qxh6+ Kg8 32. Ne5+) (30... Bxg4 31. Rxg4 Rf8) 31. Qxe6 $2 (31. Rd7+ $1 $18 Kh8 32. Qc3+ (32. Rxb7 Bxg4 33. Qc3+ Kg8 $11) 32... Nf6 33. Nxf6 (33. Qxf6+ Qxf6 34. Nxf6 Bxd7 $16)) 31... Bxe6 $14 32. Rd6 Bxg4 ({Black should try} 32... Nf4 $14) 33. Rxg4 $18 Re8 34. Rgg6 (34. Rd7+ $18 Re7 35. Rxe7+ Nxe7 36. Rb4) 34... Nf4 {[%emt 0:00:02] [#]} (34... Re5 $16 35. Rxh6+ Kg7) 35. Rxh6+ $2 ({White must play} 35. Rgf6 $1 $18 Nd4 36. Kd1 (36. Rxd4 Ne2+ 37. Kd2 Nxd4 $17) (36. Rxh6+ $2 Kg7 $17)) 35... Kg7 $11 36. Rxc6 bxc6 37. Rxc6 {[%emt 0:00:00][%mdl 4096] Endgame KRN-KR} Re7 38. b4 Nd5 39. Kb2 Kf7 40. h5 Re5 41. h6 Rh5 42. Ra6 Nb6 $2 (42... Ke8 $11) 43. Rxa7+ $18 Kg8 44. h7+ Rxh7 $2 (44... Kh8 $18 45. a4 Rh3) 45. Rxh7 {[%emt 0:00:00] White mates.} Kxh7 {[%emt 0:00:00] KN-K3P} 46. Kb3 Kg7 47. a4 Kf7 48. a5 Nc8 49. b5 Ke6 50. b6 {[%emt 0:00:04] Weighted Error Value: White=0.30/Black=0.49} 1-0

[Event "ChessKid Cup Div-III 2023"]
[Site "Online"]
[Date "2023.05.22"]
[Round "2.2"]
[White "Tari, Aryan"]
[Black "Pichot, Alan"]
[Result "0-1"]
[ECO "C70"]
[WhiteElo "2642"]
[BlackElo "2638"]
[Annotator "TA"]
[PlyCount "90"]
[EventDate "2023.05.21"]
[EventType "k.o."]
[EventCountry "NET"]
[SourceTitle "playchess.com"]
[Source "ChessBase"]
[SourceQuality "1"]
[TimeControl "900+3"]

1. e4 e5 2. Nf3 Nc6 3. Bb5 a6 4. Ba4 Nge7 5. c3 Ng6 6. d4 {[%emt 0:00:01] C70: Ruy Lopez: 3...a6 4 Ba4, Norwegian and Delayed Schliemann.} exd4 7. h4 ({Better is} 7. cxd4 $14 Be7 8. Nc3) 7... d3 8. Qxd3 {[%emt 0:00:16] [#] The position is equal.} Bd6 $146 ({Predecessor:} 8... h5 9. Be3 Be7 10. Nbd2 d6 11. O-O-O Bd7 12. Bb3 Nce5 13. Nxe5 Nxe5 14. Qe2 a5 {1-0 Svane,F (2600)-Narayanan,S (2661) Jermuk Avagyan Memorial 2023 (5)}) 9. Bg5 f6 10. Be3 O-O 11. Nbd2 Nf4 12. Qf1 Ne5 13. Bb3+ $16 ({Don't play} 13. Bxf4 Nxf3+ 14. Nxf3 Bxf4 $14) 13... Kh8 14. Nxe5 ({Reject} 14. Bxf4 Nxf3+ 15. Nxf3 Bxf4 $14) 14... fxe5 15. Nc4 Qe7 $1 16. O-O-O Bc5 17. Bxc5 $1 Qxc5 18. Ne3 (18. g3 $14 Ne6 19. Rd5) 18... a5 19. g3 a4 20. Bc4 Nh5 {[%emt 0:02:32][%cal Ob7b5] Strongly threatening ...b5!} 21. Rd5 Qe7 {[%emt 0:00:04] Threatens to win with ...Nxg3.} 22. Nf5 (22. Qe2 $11 Nf6 23. Rd2 (23. Nf5 Qe8 $15)) 22... Qe8 $1 $17 {[%emt 0:00:03] aiming for ...a3.} 23. Rc5 $2 (23. Rd2 $17 {was worth a try.}) 23... d6 $2 (23... g6 $19 24. Qd3 gxf5 25. exf5 Ng7 26. Rxc7 Rxf5) 24. Rxc7 $14 Qd8 25. Rf7 {[%emt 0:00:08] Black is weak on the light squares} a3 {[%emt 0:00:00] [#]} ({Black should try} 25... Rxf7 $14 26. Bxf7 a3) 26. Rxf8+ $1 $16 Qxf8 {[%emt 0:00:02] [#]} 27. Ne3 (27. Qd3 $1 $16) 27... axb2+ 28. Kxb2 (28. Kb1 {with more complications.} Nf6 29. Qd3 Bd7 30. Rf1) 28... Qf3 29. Bd5 (29. Rg1 $1 $14) 29... Nf6 $11 30. Qe1 Nxd5 31. Nxd5 ({White has to play} 31. exd5 $11 b5 32. Rh2) 31... Be6 $15 32. Nb4 Rf8 {[%emt 0:00:15][%cal Of3g2] Black is much more active.} 33. Rh2 Rc8 ({Black should play} 33... Bf7 $17) 34. Qe3 $11 Rf8 35. Qd2 (35. Qxf3 $11 Rxf3 36. Nd5) 35... Qxe4 $17 36. Qxd6 (36. f4 $17 {was called for.}) 36... Re8 $2 (36... Qe2+ $19 37. Nc2 Re8) 37. f4 Bf5 {[%emt 0:00:02] And now ...Qb1+ would win.} 38. Qd1 {[%emt 0:00:07] Prevents Qb1+} (38. Nc2 $11) 38... exf4 39. gxf4 Qxf4 40. Re2 Rc8 $40 {[%emt 0:00:04][%mdl 128] Black attacks with force.} 41. Qd4 $2 (41. Qe1 $17 h6 42. Rg2) 41... Qf1 $19 42. Ka3 $2 (42. Rc2 $19 Bxc2 43. Nxc2) 42... Qxe2 43. Nd5 Qa6+ 44. Kb2 Qd6 (44... Qb5+ $142 45. Nb4 Qe2+ 46. Ka3 Ra8+ 47. Kb3 Be6+ 48. c4 b5 49. Qf4 bxc4+ 50. Kc3 Qe1+ {[%mdl 64] Skewer, Deflection} 51. Kd4 Qxb4 52. Ke4 Qb7+ 53. Ke3 Ra3+ 54. Kf2 Rxa2+ 55. Ke3 Qb3+ 56. Kd4 Qd3+ 57. Kc5 Qd5+ 58. Kb6 Rb2+ 59. Kc7 Qd7#) 45. h5 h6 {[%emt 0:00:02] Weighted Error Value: White=0.63/Black=0.45} (45... Qh2+ $142 46. Ka3 Ra8+ {[%mdl 64] Skewer} 47. Kb4 Qd6+ 48. Qc5 Ra4+ {[%mdl 64] Deflection} 49. Kxa4 Qxc5 50. Kb3 Qxd5+ 51. c4 Qd2 52. Ka4 Qb2 53. Ka5 Bd7 54. h6 gxh6 55. a3 Qb3 56. a4 Bxa4 57. c5 Qb5#) 0-1

[Event "ChessKid Cup Div-III 2023"]
[Site "Online"]
[Date "2023.05.22"]
[Round "2.2"]
[White "Chigaev, Maksim"]
[Black "Sevian, Samuel"]
[Result "1/2-1/2"]
[ECO "B03"]
[WhiteElo "2628"]
[BlackElo "2684"]
[Annotator "TA"]
[PlyCount "77"]
[EventDate "2023.05.21"]
[EventType "k.o."]
[EventCountry "NET"]
[SourceTitle "playchess.com"]
[Source "ChessBase"]
[SourceQuality "1"]
[TimeControl "900+3"]

1. e4 Nf6 2. e5 Nd5 3. d4 d6 4. c4 Nb6 5. f4 dxe5 6. fxe5 Bf5 7. Be3 e6 8. Nc3 Nc6 9. Nf3 Be7 10. Be2 O-O 11. O-O f6 12. exf6 Bxf6 13. Qd2 Qe7 14. Rad1 Rad8 15. Kh1 {[%emt 0:01:01] seems to push 15.Qc1 aside. B03: Alekhine's Defence: Four Pawns Attack.} Kh8 16. h3 Bg6 17. Qc1 {[%emt 0:00:37] White is slightly better.} h6 18. b3 {[%emt 0:00:47] [#]} Bh5 $146 {[%emt 0:00:02] [#]} ({Predecessor:} 18... Nc8 19. c5 a6 20. Bg1 Nb4 21. a3 Nd5 22. Rde1 Qd7 23. Bc4 Nce7 24. Ne4 Nc6 25. Nxf6 Rxf6 {1-0 Repanic,F (2383)-Rimsans,A (2343) EU-ch 2019 sf13 email}) 19. Ne5 Bxe5 $11 {[%emt 0:00:11] The position is equal.} 20. dxe5 Bxe2 21. Nxe2 Rxd1 22. Rxd1 Nxe5 23. Qc3 Nbd7 24. Nf4 {[%emt 0:02:26][%cal Od1d7] Threatens to win with Rxd7!} Kg8 25. Qa5 b6 26. Qxa7 Nc5 {[%emt 0:00:01] aiming for ...Ne4.} 27. Qa3 $1 Rf5 28. b4 Nxc4 {[%emt 0:00:09] A dynamic duo of knights.} 29. Qc1 Nxe3 30. Qxe3 Qf7 31. bxc5 Rxf4 32. cxb6 cxb6 33. Qxb6 {[%emt 0:00:03][%mdl 4096] Endgame KQR-KQR} Kh7 34. Qb1+ Qg6 35. Kg1 Qxb1 36. Rxb1 Ra4 37. Re1 Ra6 38. a4 {[%emt 0:00:05][%mdl 64] [#] Deflection} Rxa4 39. Rxe6 {[%emt 0:00:01] Weighted Error Value: White=0.06 (flawless) /Black=0.05 (flawless)} 1/2-1/2

[Event "ChessKid Cup Div-III 2023"]
[Site "Online"]
[Date "2023.05.22"]
[Round "2.2"]
[White "Lysyj, Igor"]
[Black "Keymer, Vincent"]
[Result "1/2-1/2"]
[ECO "E11"]
[WhiteElo "2606"]
[BlackElo "2700"]
[Annotator "TA"]
[PlyCount "72"]
[EventDate "2023.05.21"]
[EventType "k.o."]
[EventCountry "NET"]
[SourceTitle "playchess.com"]
[Source "ChessBase"]
[SourceQuality "1"]
[TimeControl "900+3"]

1. d4 Nf6 2. c4 e6 3. Nf3 d5 4. g3 Bb4+ 5. Bd2 Be7 6. Bg2 O-O 7. O-O c6 8. Qc2 Nbd7 9. Rd1 a5 {[%emt 0:00:41] E11: Bogo-Indian.} 10. Be1 Ne4 {[%emt 0:00:13] [#]} (10... b5 $5 ) 11. Nc3 $146 ({Predecessor:} 11. Nfd2 f5 12. Nxe4 fxe4 13. f3 Nb6 14. c5 exf3 15. exf3 Nd7 16. Qe2 e5 17. dxe5 Bxc5+ {0-1 Abdisalimov,A (2406)-Mosadeghpour,M (2486) Dhaka Sheikh Russel op 2021 (2)}) 11... f5 {[%emt 0:00:05] The position is equal.} 12. e3 Bd6 13. a3 Qe7 14. Rab1 g5 {[%emt 0:01:22][%cal Bg7g5,Bg5g4][%mdl 32] [#]} 15. b4 $1 g4 16. Nh4 axb4 (16... dxc4 17. Nxe4 fxe4 18. bxa5 $16 (18. Qxc4 axb4 19. Bxb4 Bxb4 $16)) 17. axb4 Ndf6 18. b5 Bd7 ({Not} 18... dxc4 19. bxc6 bxc6 20. Bxe4 fxe4 21. Nxe4 $16) 19. bxc6 bxc6 ({Don't do} 19... Bxc6 20. cxd5 Nxd5 21. Nxe4 $16) 20. Ne2 Rfc8 21. c5 Bc7 22. Nf4 Ra7 23. Nd3 Rca8 24. Rb2 Bc8 25. Nb4 Qe8 26. Rdb1 Ng5 27. Nd3 Ba6 28. Nf4 Nfe4 29. Qd1 Bc8 30. Nd3 Ra3 31. Bb4 R3a4 32. f3 Nf6 33. Be1 Ra3 34. Bb4 (34. f4 $5 Nge4 35. Bb4 $15) 34... R3a4 35. Be1 Ra3 36. Bb4 R3a4 {[%emt 0:00:00] Weighted Error Value: White=0.09 (flawless) /Black=0.08 (flawless)} 1/2-1/2

[Event "ChessKid Cup Div-III 2023"]
[Site "Online"]
[Date "2023.05.22"]
[Round "2.2"]
[White "Bernadskiy, Vitaliy"]
[Black "Harshavardhan G B"]
[Result "1/2-1/2"]
[ECO "B51"]
[WhiteElo "2592"]
[BlackElo "2408"]
[Annotator "TA"]
[PlyCount "121"]
[EventDate "2023.05.21"]
[EventType "k.o."]
[EventCountry "NET"]
[SourceTitle "playchess.com"]
[Source "ChessBase"]
[SourceQuality "1"]
[TimeControl "900+3"]

1. e4 c5 2. Nf3 d6 3. Bb5+ Nd7 4. O-O a6 5. Bd3 Ngf6 6. c3 {[%emt 0:00:02] B51: Sicilian: Moscow Variation (3 Bb5+) without 3...Bd7.} b5 7. a4 c4 8. Be2 {[%emt 0:00:01] White is slightly better.} Bb7 (8... Nxe4 9. axb5 Bb7 10. Bxc4 $16) 9. axb5 axb5 (9... Bxe4 10. bxa6 (10. Bxc4 axb5 {[%mdl 64] Discovered Attack} 11. Rxa8 Qxa8 $11) 10... Qc8 11. d3 Bxf3 12. Bxf3 (12. gxf3 Rxa6 13. Rxa6 Qxa6 $16) 12... Rxa6 13. Rxa6 Qxa6 14. dxc4 $16) 10. Rxa8 Qxa8 11. Na3 $1 Bc6 {[%emt 0:00:04] [#]} 12. d3 (12. Nd4 $1 $16) 12... cxd3 13. Bxd3 {[%emt 0:00:00] [#] Black must now prevent Nd4.} Qb7 $146 ({Predecessor:} 13... Bxe4 14. Nxb5 Bxf3 15. gxf3 Qc6 16. Re1 e6 17. Nd4 Qb7 18. Qa4 Be7 19. Nc6 Bd8 {½-½ Ciric,P (2177)-Trisic,A (2333) Novi Sad Serbia op-A 2022 (2)}) 14. Nd4 {[%emt 0:00:05] Threatens to win with Nxc6.} Bxe4 15. Bxe4 (15. Bxb5 e5 $14) 15... Nxe4 16. Re1 ({But not} 16. Naxb5 $6 e5 $11) ({Much less strong is} 16. f3 b4) (16. Ndxb5 $16 e6 17. f3 Qb6+ 18. Qd4 Qxd4+ {[%mdl 64] Remove Defender} 19. cxd4) 16... e6 17. Naxb5 ({Much weaker is} 17. Ndxb5 d5 $11) (17. Bf4 $5 ) 17... Be7 18. c4 O-O 19. Qf3 d5 20. cxd5 exd5 21. Nc3 Ndf6 22. Nxe4 Nxe4 23. Qb3 Qa8 (23... Qxb3 {simplifies} 24. Nxb3 Rb8 25. Re3 Bh4) 24. Nf5 Bf6 $40 {[%emt 0:00:09][%mdl 128] Black has some attack.} 25. Ng3 Rb8 26. Qa3 Qxa3 27. bxa3 Bc3 28. Rf1 {[%emt 0:01:09] [#]} (28. Rd1 $15) 28... Nxg3 $1 $17 29. hxg3 {[%emt 0:00:42][%mdl 4096] Endgame KRB-KRB} d4 30. Bf4 Rb3 31. Bd6 (31. Rd1 $142) 31... f6 32. Rd1 (32. f4 $17 {was called for.}) 32... Rb5 $2 (32... Kf7 $19 {Strongly threatening ...Ke6.} 33. g4 Ke6) 33. Kf1 $11 {[%emt 0:00:43] The position is equal.} Kf7 34. Bb4 $1 Ke6 35. Bxc3 dxc3 {[%emt 0:00:04] KR-KR} 36. Rc1 {[%emt 0:00:03] Against c2} Rb3 37. Ke2 Rxa3 38. Kd3 Kd5 {[%emt 0:00:01] ...Ra2 would be deadly.} 39. Rxc3 Ra2 40. Ke3 Ra7 41. Kf3 Ke6 42. g4 Kf7 43. Kg3 Kg6 44. f3 Ra5 45. Rd3 Kg5 46. Rd7 Kg6 47. Rb7 h5 48. gxh5+ Rxh5 49. Rb4 Ra5 50. Rg4+ Kh6 51. Rh4+ Kg6 52. Rg4+ Rg5 53. Kf4 Rxg4+ 54. Kxg4 {[%emt 0:00:00] KPP-KPP} Kf7 55. Kf5 g6+ 56. Ke4 Ke6 57. f4 Kd6 58. Kd4 Ke6 59. Ke4 Kd6 60. Kd4 Ke6 61. Ke4 {[%emt 0:00:01] Weighted Error Value: White=0.11 (very precise) /Black=0.10 (very precise)} 1/2-1/2

[Event "ChessKid Cup Div-III 2023"]
[Site "Online"]
[Date "2023.05.22"]
[Round "2.2"]
[White "Antipov, Mikhail Al."]
[Black "Gledura, Benjamin"]
[Result "1-0"]
[ECO "C48"]
[WhiteElo "2588"]
[BlackElo "2644"]
[Annotator "TA"]
[PlyCount "107"]
[EventDate "2023.05.21"]
[EventType "k.o."]
[EventCountry "NET"]
[SourceTitle "playchess.com"]
[Source "ChessBase"]
[SourceQuality "1"]
[TimeControl "900+3"]

1. e4 e5 2. Nf3 Nf6 3. Nc3 Nc6 4. Bb5 Nd4 5. Nxe5 Qe7 6. f4 Nxb5 {[%emt 0:00:02] C48: Four Knights: 4 Bb5, replies other than 4...Bb4.} 7. Nxb5 d6 (7... Nxe4 8. Nxc7+ Kd8 9. Nxa8 $14) 8. Nf3 Qxe4+ {[%emt 0:00:06] Black is slightly better.} (8... Nxe4 9. O-O $14) 9. Kf2 {[%emt 0:00:01] Threatens to win with Re1.} Ng4+ (9... Qxf4 $2 10. Nxc7+ Kd8 11. d3 $18) 10. Kg3 {[%emt 0:00:16] Black must now prevent Re1.} Qg6 $1 (10... Kd8 11. h3 Nf6 12. d3 Qg6+ 13. Kf2 $11) 11. Nh4 (11. Nxc7+ $2 Kd8 12. f5 (12. Nxa8 $2 Ne3+ {[%mdl 64] Discovered Attack, Double Attack} 13. Kf2 Nxd1+ 14. Rxd1 Qxc2 $19) (12. Nh4 $2 Qf6 $19) 12... Qxf5 $17) 11... Qh5 (11... Qf6 {feels hotter.} 12. h3 g5 13. Qe2+ Ne5) 12. h3 ({Don't take} 12. Nxc7+ $6 Kd8 13. h3 (13. Nxa8 $2 {is the wrong capture.} g5 $19) 13... g5 14. hxg4 (14. Nxa8 {leads to mate.} Qxh4+ 15. Kf3 Qf2+ 16. Ke4 Bf5+ {[%mdl 64] Decoy} 17. Kxf5 Qxf4#) 14... gxf4+ 15. Kf2 Bxg4 $14) 12... Qxb5 13. hxg4 {[%emt 0:00:00] [#]} Be6 $146 ({Better is} 13... g5 $17 14. fxg5 Qe5+ 15. Kf2 Qxg5) ({Predecessor:} 13... h5 14. g5 Bg4 15. Qe1+ Kd7 16. d4 Re8 17. Be3 Qxb2 18. Qf2 d5 19. Rhe1 Bb4 {0-1 Radovanovic,D (2311)-Papayan,O (2253) Titled Tuesday intern op 06th Dec Late blitz 2022 (10)}) 14. a4 $11 Qd7 15. Qf3 {[%emt 0:01:42] [#]} (15. d4 $11 {remains equal.} Qc6 16. f5) 15... g5 $2 16. fxg5 $14 O-O-O 17. d4 {[%emt 0:00:02] Prevents f6. Hoping for d5.} c6 18. Nf5 Re8 {[%emt 0:00:22][%cal Of7f6] Black is weak on the dark squares} 19. Bd2 Bd5 20. Qf4 Re4 {[%emt 0:00:58] Inhibits Rae1.} 21. Qf2 Be7 (21... Be6 $16 {was necessary.}) 22. Rae1 $18 {[%emt 0:00:05][%cal Oc2c4] aiming for c4! Active counter play!} Bd8 {[%emt 0:00:06] [#]} (22... Rg8 {keeps fighting.}) 23. c4 $1 Rxe1 24. Rxe1 Be6 {[%emt 0:00:19] [#]} (24... Bxc4 $2 25. Bf4 Kb8 26. Nxd6 $18) 25. d5 $1 {[%emt 0:00:01][%mdl 576] Discovered Attack} Bxf5 26. Qxf5 Qxf5 27. gxf5 {[%emt 0:00:00][%mdl 4096] Endgame KRB-KRB} Rg8 28. Kh4 h6 29. f6 hxg5+ 30. Bxg5 cxd5 31. cxd5 Kd7 32. Re3 (32. g4 $142) 32... Rg6 33. Rf3 {[%emt 0:00:01] Kg4 is the strong threat.} Bb6 $2 {[%emt 0:00:07][%mdl 8192] Black cannot hold the game after this.} (33... Rg8 $16) 34. g4 Bd4 35. b3 Be5 36. Kh5 a6 (36... Bb2 $142 37. Bh4 Be5) 37. Bh4 Rg8 38. g5 Rc8 $2 (38... Bb2 39. Re3 Rh8+ 40. Kg4 Re8 41. Rxe8 Kxe8) 39. g6 fxg6+ 40. Kxg6 {[%emt 0:00:01] And now f7 would win.} Bxf6 41. Bxf6 {[%emt 0:00:01] KRB-KR} Rc5 42. Rd3 b5 43. axb5 Rxb5 44. Kf5 {[%emt 0:00:02] Strongly threatening Ke4.} a5 45. Ke4 {[%emt 0:00:01] Bd4 would kill now.} Rb4+ 46. Bd4 a4 47. bxa4 {[%emt 0:00:01] White mates.} Rxa4 48. Rb3 Ra2 49. Rb7+ Ke8 50. Kf5 Re2 51. Bf6 Re1 {[%emt 0:00:02] [#]} 52. Re7+ $1 Rxe7 53. Bxe7 Kxe7 {[%emt 0:00:00] [#]} 54. Kg6 $1 {[%emt 0:00:00] Weighted Error Value: White=0.17 (very precise) /Black=0.67} 1-0

[Event "ChessKid Cup Div-III 2023"]
[Site "Online"]
[Date "2023.05.22"]
[Round "2.2"]
[White "Lazavik, Denis"]
[Black "Bok, Benjamin"]
[Result "1-0"]
[ECO "E15"]
[WhiteElo "2544"]
[BlackElo "2607"]
[Annotator "TA"]
[PlyCount "175"]
[EventDate "2023.05.21"]
[EventType "k.o."]
[EventCountry "NET"]
[SourceTitle "playchess.com"]
[Source "ChessBase"]
[SourceQuality "1"]
[TimeControl "900+3"]

1. d4 Nf6 2. c4 e6 3. Nf3 b6 4. g3 Ba6 5. b3 Bb4+ 6. Bd2 Be7 7. Bg2 O-O {[%emt 0:00:01] 7...0-0 is setting a new trend.} 8. O-O d5 9. Ne5 c5 {[%emt 0:00:01] E15: Queen's Indian: 4 g3 sidelines, 4 g3 Ba6 and 4 g3 Bb7 early deviations.} 10. Bf4 {[%emt 0:00:16] [#]} cxd4 $146 ({Predecessor:} 10... Bb7 11. dxc5 bxc5 12. Nc3 Qa5 13. Qd2 Rd8 14. cxd5 exd5 15. Nxd5 Qxd2 16. Nxe7+ Kf8 17. Bxd2 Bxg2 18. Kxg2 Rxd2 {½-½ Ye,X (1956)-Zhu,H (2191) CHN-chT Liaocheng 2021 (1.4)}) 11. Qxd4 Nfd7 {[%emt 0:00:52] The position is equal.} 12. cxd5 Nxe5 13. Qxe5 Bf6 14. Qe3 exd5 (14... Bxa1 15. dxe6 $16) 15. Nc3 Nc6 $132 {[%emt 0:00:48][%cal Bb8c6,Bc6e5,Be5g6][%mdl 2080] Black is fighting back} 16. Rad1 (16. Bxd5 Re8 17. Qf3 Nd4 $17) 16... d4 17. Qf3 (17. Bxc6 $2 dxe3 18. Rxd8 Raxd8 $19) 17... Rc8 {[%emt 0:00:05][%cal Od4d3] Strongly threatening ...d3!} 18. Ne4 (18. Nd5 $5 ) 18... Ne5 19. Qh5 Re8 20. Rd2 Ng6 21. Be3 $2 (21. Bg5 $11 {and White stays safe.}) 21... Be5 $2 (21... Re5 22. Qf3 Re8 23. Rfd1 $16 (23. Nxf6+ Qxf6 24. Bxd4 Bxe2 $16)) (21... Rxe4 $1 $19 22. Bxe4 Qe7 23. Bxd4 (23. Bxg6 $2 hxg6 24. Qf3 Bb7 $19) 23... Qxe4 24. Bxf6 gxf6) 22. Rfd1 {[%emt 0:01:41][%cal Re3d4] White is more active.} (22. Ng5 {is interesting.} h6 23. Nxf7 Kxf7 24. Be4) 22... dxe3 $2 (22... d3 $1 $14) 23. Rxd8 $18 exf2+ 24. Kxf2 (24. Nxf2 $6 Rcxd8 25. Rxd8 Rxd8 $16) 24... Rexd8 25. Rxd8+ Rxd8 26. Ng5 $1 Rd2 27. Qxh7+ (27. Nxh7 $2 Bd4+ 28. Ke1 Rxe2+ 29. Qxe2 Bxe2 30. Kxe2 Kxh7 $19) (27. Bf3 $1 $18 {and the rest is easy.}) 27... Kf8 $16 28. Bf3 {[%emt 0:00:02][%cal Og5e6] Black must now prevent Ne6+!} Bd4+ {[%emt 0:00:00] [#]} 29. Kg2 $1 {[%emt 0:00:05] aiming for Qh5.} Bxe2 30. Bxe2 Rxe2+ {[%emt 0:00:00] [#]} 31. Kf1 $1 Rf2+ 32. Ke1 {[%emt 0:00:03] And now Qh3 would win.} Rxa2 {[%emt 0:00:15] [#]} 33. Ne6+ $1 {[%emt 0:00:41][%mdl 576] Deflection} fxe6 34. Qxg6 Rxh2 ({Better is} 34... Bf6) 35. Qxe6 {[%emt 0:00:06][%mdl 4096] Endgame KQ-KRB} Bf6 36. Qc8+ Ke7 37. Qc7+ Kf8 (37... Ke6 $16) 38. Qxa7 (38. Qb8+ $142 Kf7 39. Qxa7+ Ke6 40. Qxb6+ Kd5 41. Qe3) 38... Rb2 $2 (38... Rh6 {is a better defense.} 39. Qa8+ (39. Qxb6 {leads to mate.} Bc3+ {[%mdl 64] Discovered Attack} 40. Kd1 Rxb6 41. Ke2 Rxb3 42. g4 Bb4 43. g5 Kf7 44. Kd1 Rb2 45. Kc1 Bc3 46. g6+ Kxg6 47. Kd1 Kf5 48. Kc1 g5 49. Kd1 Ke4 50. Kc1 Kd3 51. Kd1 Rb1#) 39... Ke7 40. Qa7+ Ke8 41. Qb8+ (41. Qxb6 $2 Bc3+ {[%mdl 64] Discovered Attack} 42. Kf2 Rxb6 43. g4 Rxb3 44. Ke3 Bf6+ 45. Kf4 g5+ 46. Ke4 Rb4+ 47. Kf3 Be5 48. Kf2 Ke7 49. Kf3 Kd6 50. Ke3 Kd5 51. Kf3 Rb3+ 52. Kf2 Ke4 53. Ke2 Rb2+ 54. Kd1 Bc3 55. Kc1 Kd3 56. Kd1 Rb1#) 41... Kf7) 39. Qxb6 $18 Kf7 40. Kf1 Kg6 (40... Be5 $142 41. Qc6 Rd2) 41. b4 Kf5 42. b5 Kg4 43. Qc5 {[%emt 0:00:41] b6 is the strong threat.} Kf3 44. Qc6+ Kxg3 45. b6 {[%emt 0:00:01] b7 would kill now.} Kf4 46. b7 Rb1+ 47. Ke2 {[%emt 0:00:01] Threatening mate with Qf3+.} Be5 48. Qc4+ Kg5 49. Qe6 Kf4 50. Qf7+ Kg5 51. Kd3 {[%emt 0:00:03] Hoping for Ke4.} g6 52. Ke4 Bg3 53. Qe7+ Kh5 {[%emt 0:00:03] ( -> ...Re1+)} 54. Kf3 Rb3+ 55. Kg2 {[%emt 0:00:00] White wants to mate with Qe6.} Bf4 56. Qf7 Rb2+ 57. Kf3 Bh2 (57... Bd6 $18 58. Qd5+ Kh6 59. Qxd6 Rxb7) 58. Qh7+ Kg5 {[%emt 0:00:01] [#]} 59. Qxh2 $3 {[%emt 0:00:01][%mdl 576] Remove Defender, Promotion} Rxh2 60. b8=Q {[%emt 0:00:00] KQ-KR} (60. b8=B Rh3+ 61. Ke4 Kh5 $19) 60... Rh3+ 61. Ke4 Rh5 62. Qf8 Rh1 63. Qd8+ Kg4 64. Qf6 Re1+ 65. Kd3 g5 66. Kd2 Rh1 $2 (66... Re4 $18 67. Kd3 Rf4) 67. Ke2 (67. Qd4+ $142 Kg3 68. Qe3+ Kh2 69. Qf2+ Kh3 70. Qf3+ Kh2 71. Qh5+ Kg2 72. Qxg5+ Kh3 73. Qh5+ Kg2 74. Qd5+ Kh2 75. Ke2) 67... Rh2+ 68. Ke3 {[%emt 0:00:00] White mates.} Rh3+ 69. Ke4 Rg3 70. Qf5+ Kh4 71. Qe6 Rg4+ 72. Kf5 Rf4+ 73. Kg6 g4 74. Qe7+ Kh3 75. Kg5 Rf3 76. Qe4 Kh2 77. Kxg4 ({Inferior is} 77. Qxg4 Rg3 $11) 77... Rg3+ 78. Kf4 Rg2 79. Qh7+ Kg1 80. Qa7+ Kh2 81. Kf3 Rg3+ 82. Kf2 Rg2+ 83. Kf1 Rg4 84. Qe3 Rg3 85. Qh6+ Rh3 86. Qf4+ Rg3 87. Kf2 Kh1 88. Kxg3 {[%emt 0:00:01] An entertaining game by Lazavik.   Weighted Error Value: White=0.19 (very precise) /Black=0.41} 1-0